 Seeded DCSS version 0.28-a0-450-gd8b2e6d (webtiles) character file.

Game seed: 5798602977109637827 (custom seed)

607 Illumine the Cudgeller (level 7, -4/64 HPs)
             Began as a Naga Abyssal Knight on Sept 12, 2021.
             Was a Believer of Lugonu.
             Slain by Pikel (6 damage)
             ... on level 4 of the Dungeon.
             The game lasted 00:11:54 (4955 turns).

Illumine the Cudgeller (Naga Abyssal Knight)        Turns: 4955, Time: 00:11:55

Health: -4/64      AC:  4    Str: 16    XL:     7   Next: 43%
Magic:  8/10       EV: 14    Int: 12    God:    Lugonu [**....]
Gold:   78         SH:  0    Dex: 11    Spells: 6/6 levels left

rFire   . . .      SeeInvis +   a - +0 morningstar
rCold   + . .      Faith    +   (no shield)
rNeg    . . .      Spirit   .   i - +0 leather armour
rPois   +          Reflect  .   (no helmet)
rElec   .          Harm     .   (no cloak)
rCorr   .          Rampage  .   (no gloves)
Will    .....                   (no barding)
Stlth   +.........              l - amulet of faith
HPRegen 0.20/turn               k - ring of protection from cold
MPRegen 0.12/turn               o - +4 ring of evasion

@: very slow
A: AC +2, large, see invisible, deformed body, poison resistance, slowness 2,
spit poison 1, naga tail 1
a: Spit Poison, Renounce Religion, Depart the Abyss, Bend Space


You were on level 4 of the Dungeon.
You worshipped Lugonu.
Lugonu was pleased with you.
You visited 1 branch of the dungeon, and saw 5 of its levels.
You visited the Abyss 1 time.

You collected 78 gold pieces.

Inventory:

Hand Weapons
 a - a +0 morningstar (weapon)
 b - a +0 hunting sling
 r - a +1 mace
Missiles
 j - 158 stones (quivered)
Armour
 i - a +0 leather armour (worn)
Magical Staves
 s - a staff of death
Jewellery
 k - a ring of protection from cold (left hand)
 l - an amulet of faith (around neck)
 o - a +4 ring of evasion (right hand)
Scrolls
 c - a scroll of fog {unknown}
 d - a scroll of silence {unknown}
 h - 2 scrolls of teleportation {unknown}
 n - a scroll of enchant armour {unknown}
 q - 2 scrolls of magic mapping {unknown}
 u - a scroll of amnesia {unknown}
 v - a scroll of brand weapon {unknown}
 w - a scroll of vulnerability {unknown}
Potions
 e - 2 potions of curing
 g - a potion of magic
 m - 2 potions of brilliance {unknown}
 p - a potion of flight {unknown}
 t - a potion of degeneration {unknown}


   Skills:
 + Level 4.2 Fighting
 * Level 5.7 Maces & Flails
 - Level 1.5 Armour
 + Level 2.6 Dodging
 + Level 4.0 Invocations


You had 6 spell levels left.
You didn't know any spells.
Your spell library contained the following spells:

 Spells                   Type           Power      Damage    Failure   Level
 Pain                     Necr           0%         1d4       38%         1
 Agony                    Necr           0%         N/A       100%        5
 Excruciating Wounds      Necr           0%         N/A       100%        5
 Freezing Cloud           Conj/Ice/Air   0%         6-21      100%        5
 Simulacrum               Ice/Necr       0%         N/A       100%        6
 Polar Vortex             Ice            0%         N/A       100%        9


Dungeon Overview and Level Annotations

Branches:
Dungeon (5/15)
 Temple: D:4-7

Altars:
Gozag

Shops:
D:2 =

Annotations:
D:4 Pikel


Innate Abilities, Weirdness & Mutations

Your serpentine skin is tough. (AC +2)
You have supernaturally acute eyesight. (SInv)
Armour fits poorly on your strangely shaped body.
Your system is resistant to poisons. (rPois)
You cover ground very slowly.
You can spit poison.
You have a snake-like lower body.


Message History

Pikel barely misses you.
You hit Pikel.
Pikel is lightly wounded.
Pikel hits you with a +1 whip of freezing.
You miss Pikel.
Pikel is lightly wounded.
Pikel barely misses you. Pikel hits you but does no damage.
You puncture Pikel!
Pikel is severely wounded.
Pikel hits you with a +1 whip of freezing.
* * * LOW HITPOINT WARNING * * *
Unknown command.
You closely miss Pikel.
Pikel is severely wounded.
Pikel looks more healthy.
Pikel hits you with a +1 whip of freezing.
* * * LOW HITPOINT WARNING * * *
Unknown command.
Space bends around you!
You blink.
Throw: dart (poison)
Press: ? - help, Q - select action, (/) - cycle Shift-Dir - straight line, f/p - Pikel
Aim: Pikel, wielding a +1 whip of freezing and wearing a +1 robe of positive energy (severely wounded, 50% to hit)
You throw a poisoned dart. The poisoned dart hits Pikel.
Pikel is poisoned.
Pikel is severely wounded.
Throw: 159 stones
Press: ? - help, Q - select action, (/) - cycle Shift-Dir - straight line, f/p - Pikel
Aim: Pikel, wielding a +1 whip of freezing and wearing a +1 robe of positive energy (severely wounded, poisoned, 50% to hit)
You throw a stone. The stone closely misses Pikel.
The stone barely misses the lemure.
You closely miss Pikel.
Pikel is severely wounded.
Pikel hits you with a +1 whip of freezing.
* * * LOW HITPOINT WARNING * * *
Pikel freezes you.
* * * LOW HITPOINT WARNING * * *
Unknown command.
Space bends around you!
You blink.
The lemure barely misses you. x2
The lemure misses you.
Pikel hits you with a +1 whip of freezing.
You die...

#..#.###.#......####.†.#### #.#
#........#...#### #...# #.#
##.#.#####...# ##.##### #..
.#.#.# #..)# #.)...####### .....#
#...# #####.##.....
.#.#######...########.....##..>..
.#.................§#.###.##..)..
.................#..#.# #........
#.#.............@K5.#.###.##.....
.########...####5###.....##...).
#...# #5#####)####..... ##...##
#(##.>........###
##.)...###.##.##..#.##.# #.
#####.#...#.##.##.##..#.##.## ..
#...............)...........##
####.###.#...#.#.###.###.#..#..#.
..)..##....##.##.###.###.......#.


You could see Pikel (poisoned) and 3 lemures.

Vanquished Creatures
  A steam dragon (D:4)
  An ogre (D:4)
  A lemure (D:4)
  A scorpion (D:4)
  A water moccasin skeleton (D:4)
  2 jellies
  Terence (D:3)
  An iguana (D:4)
  2 orc wizards (D:4)
  A howler monkey skeleton (D:4)
  2 adders
  A worm (D:3)
  2 dart slugs
  8 orcs
  5 ball pythons
  8 endoplasms
  4 giant cockroaches
  9 hobgoblins
  10 jackals
  6 kobolds
  2 quokkas
  3 bats
  4 frilled lizards
  7 goblins
  4 rats
87 creatures vanquished.

Notes
Turn   | Place    | Note
-------+----------+-------------------------------------------
     0 | Abyss:1  | Illumine the Naga Abyssal Knight began the quest for the
                  | Orb.
     0 | Abyss:1  | Reached XP level 1. HP: 21/21 MP: 2/2
    15 | D:1      | Escaped the Abyss
   151 | D:1      | Reached XP level 2. HP: 17/28 MP: 3/3
   631 | D:1      | Found a faded altar of an unknown god.
   756 | D:1      | Reached skill level 3 in Maces & Flails
   768 | D:1      | Reached XP level 3. HP: 34/34 MP: 4/4
  1618 | D:2      | Reached skill level 1 in Dodging
  2079 | D:2      | Reached ** piety under Lugonu
  2101 | D:2      | Found Qipemagg's Jewellery Shoppe.
  2106 | D:2      | Reached XP level 4. HP: 42/42 MP: 5/5
  2517 | D:3      | Found an opulent altar of Gozag.
  2518 | D:3      | Found an opulent altar of Gozag.
  2526 | D:3      | Found an opulent altar of Gozag.
  2558 | D:3      | Found an opulent altar of Gozag.
  2981 | D:3      | Reached skill level 4 in Maces & Flails
  3240 | D:3      | Noticed Terence
  3262 | D:3      | Killed Terence
  3263 | D:3      | Reached XP level 5. HP: 23/49 MP: 5/7
  3781 | D:4      | Noticed a steam dragon
  3786 | D:4      | Killed a steam dragon
  3787 | D:4      | Reached XP level 6. HP: 23/57 MP: 8/8
  4102 | D:4      | Reached skill level 5 in Maces & Flails
  4269 | D:4      | Reached XP level 7. HP: 64/64 MP: 9/9
  4604 | D:5      | Entered Level 5 of the Dungeon
  4913 | D:4      | Noticed Pikel
  4955 | D:4      | Slain by Pikel

Illustrated notes

Levels and vault maps discovered:
D:1:      onia_arrival_mini_spirals, layout_loops_ring,
          chequers_ecumenical_altar_simple_redux
D:2:      minmay_spotlight, layout_rooms, serial_shops, shop,
          kennysheep_generic_room_15
D:3:      corexii_shack_village, layout_basic,
          nicolae_gozag_conspicuous_consumption, uniq_terence
D:4:      layout_loops_cross, hangedman_abyss_or_decor_passed,
          minmay_small_thing, uniq_pikel
D:5:      layout_basic, uniq_eustachio

Skill      XL: |  1  2  3  4  5  6  7 |
---------------+----------------------+-----
Maces & Flails | 3 4 5 |  5.7
Dodging        | 1 2 |  2.6
Invocations    | 3 4 |  4.0
Fighting       | 4 |  4.2
Armour         | |  1.5

Action                   |  1- 3 |  4- 6 |  7- 9 || total
-------------------------+-------+-------+-------++-------
Melee: Mace              |    86 |    62 |       ||   148
       Morningstar       |       |    52 |    57 ||   109
 Fire: Hunting sling     |    13 |     2 |       ||    15
Throw: Dart              |       |    11 |    41 ||    52
       Stone             |       |     1 |     1 ||     2
Invok: Bend Space        |       |     2 |     8 ||    10
 Abil: Spit Poison       |    29 |    20 |     9 ||    58
  Use: Scroll            |     3 |       |       ||     3
       Potion            |       |     1 |       ||     1
Armor: Leather armour    |    23 |    21 |    24 ||    68
Dodge: Dodged            |    67 |    69 |    45 ||   181

Table legend: (Time is in decaauts)
 A = Elapsed time spent in this place.
 B = Non-inter-level travel time spent in this place.
 C = Inter-level travel time spent in this place.
 D = Time resting spent in this place.
 E = Time spent auto-exploring this place.
 F = Levels seen in this place.
 G = Mean time per level.
                   A        B        C        D        E       F      G
               +--------+--------+--------+--------+--------+-----+--------+
         Total |   5896 |   5759 |    137 |   1595 |   3112 |   6 |  982.7 |
       Dungeon |   5876 |   5739 |    137 |   1595 |   3112 |   5 | 1175.2 |
         Abyss |     20 |     20 |      0 |      0 |      0 |   1 |   20.0 |
               +--------+--------+--------+--------+--------+-----+--------+

Top non-repeatable levels by time:
     D:1: 1726 daAuts
     D:3: 1710 daAuts
     D:4: 1276 daAuts
     D:2: 972 daAuts
     D:5: 189 daAuts
 Abyss:1: 20 daAuts
